[Event "VI Sunway Sitges Open 2019"]
[Site "Sitges"]
[Date "2019.12.15"]
[Round "3.35"]
[White "Ayats Llobera, Gerard"]
[Black "Santos Latasa, Jaime"]
[Result "0-1"]
[ECO "A04"]
[WhiteElo "2383"]
[BlackElo "2585"]
[Annotator "ChessBase"]
[PlyCount "166"]
[EventDate "2019.12.13"]
[EventType "swiss"]
[EventCountry "ESP"]
[SourceTitle "playchess.com"]
[Source "ChessBase"]
[SourceQuality "1"]
[TimeControl "40/5400+30:1800+30"]

1. Nf3 c5 2. b3 d6 3. d4 cxd4 4. Nxd4 Nf6 5. Bb2 Nc6 6. g3 Qa5+ 7. Qd2 Qd5 8. f3 Nxd4 9. Bxd4 e5 10. Bb2 Qc5 11. c4 Be7 12. Nc3 O-O 13. e4 a6 14. Bd3 Bd7 15. a4 Be6 16. Qf2 Qb4 17. Qc2 Nd7 18. Ba3 Qb6 19. Rb1 Nc5 20. Bxc5 Qxc5 21. Qf2 Qb4 22. Qd2 Qb6 23. Qf2 Bd8 24. Qxb6 Bxb6 25. Ke2 Bd4 26. Nd5 a5 27. Nc7 Rac8 28. Nxe6 fxe6 29. Rbf1 Rf6 30. Kd2 Rcf8 31. Be2 Kf7 32. Rb1 Bc5 33. Rhf1 Ke7 34. Rbd1 Kd7 35. Kc2 Kc6 36. Rd3 Rh6 37. Rh1 g5 38. Rdd1 Bd4 39. Rdf1 Kc5 40. h3 Rg6 41. Rh2 h5 42. Rd1 Rgf6 43. Rd3 Rg8 44. Kd2 Kb4 45. Rh1 Rgf8 46. Rc1 Kc5 47. Rh1 Bf2 48. g4 Rh8 49. Rf1 Bd4 50. gxh5 Rf4 51. Rd1 Rxh5 52. Rh1 Rh6 53. Kc2 Kc6 54. Rdd1 b6 55. Rb1 Kc5 56. Rbd1 Rh8 57. Rd3 Kb4 58. Kd2 Rfh4 59. Bf1 Rf8 60. Kc2 Rf7 61. Bg2 Kc5 62. Re1 Rhf4 63. Re2 Kc6 64. Kd2 Bc5 65. Kc2 Kd7 66. Kd1 Ke7 67. Re1 R7f6 68. Rf1 Kf7 69. Ke2 Kg6 70. Rfd1 Kh5 71. Rxd6 Bxd6 72. Rxd6 Kh4 73. Kf2 Rxe4 74. Rd8 Kh5 75. Rh8+ Kg6 76. Rb8 Rd4 77. Rxb6 Rd2+ 78. Kg3 Rd3 79. Kh2 Rc3 80. Rb5 e4 81. fxe4 Rf2 82. Kg1 Rb2 83. Bf1 Rg3+ 0-1

[Event "VI Sunway Sitges Open 2019"]
[Site "Sitges"]
[Date "2019.12.15"]
[Round "3.36"]
[White "Puranik, Abhimanyu"]
[Black "Gorshtein, Ido"]
[Result "1-0"]
[ECO "B10"]
[WhiteElo "2580"]
[BlackElo "2372"]
[Annotator "ChessBase"]
[PlyCount "99"]
[EventDate "2019.12.13"]
[EventType "swiss"]
[EventCountry "ESP"]
[SourceTitle "playchess.com"]
[Source "ChessBase"]
[SourceQuality "1"]
[TimeControl "40/5400+30:1800+30"]

1. e4 c6 2. Nf3 d5 3. d3 dxe4 4. dxe4 Qxd1+ 5. Kxd1 Nf6 6. Nfd2 g5 7. a4 Rg8 8. Na3 g4 9. Bd3 Be6 10. Ndc4 Na6 11. Be3 Nb4 12. Ke2 Nh5 13. Rhd1 f5 14. exf5 Bd5 15. Kf1 Nxd3 16. Rxd3 Ng7 17. Re1 Nxf5 18. Bc5 b6 19. Bb4 O-O-O 20. Ne3 Nxe3+ 21. Rexe3 c5 22. Bc3 c4 23. Rd4 e6 24. Re2 Bc5 25. Rf4 Rdf8 26. Rxf8+ Rxf8 27. Rd2 Rf4 28. g3 Rf3 29. Nb1 Bc6 30. a5 b5 31. Bd4 Rf5 32. Bxc5 Rxc5 33. Rd4 Rd5 34. Rxd5 exd5 35. Nc3 b4 36. Na2 b3 37. cxb3 cxb3 38. Nb4 Bb5+ 39. Ke1 d4 40. Nd5 Kb7 41. Nf6 Ka6 42. Nxg4 Kxa5 43. f4 Kb4 44. f5 a5 45. f6 Be8 46. Ne5 a4 47. f7 Bxf7 48. Nxf7 a3 49. bxa3+ Kc3 50. Ng5 1-0

[Event "VI Sunway Sitges Open 2019"]
[Site "Sitges"]
[Date "2019.12.15"]
[Round "3.37"]
[White "Erigaisi Arjun"]
[Black "Lopez Mulet, Inigo"]
[Result "1-0"]
[ECO "A13"]
[WhiteElo "2544"]
[BlackElo "2382"]
[Annotator "ChessBase"]
[PlyCount "67"]
[EventDate "2019.12.13"]
[EventType "swiss"]
[EventCountry "ESP"]
[SourceTitle "playchess.com"]
[Source "ChessBase"]
[SourceQuality "1"]
[TimeControl "40/5400+30:1800+30"]

1. Nf3 d5 2. c4 e6 3. g3 Nf6 4. b3 d4 5. Bb2 c5 6. e3 Nc6 7. exd4 cxd4 8. Bg2 Bc5 9. O-O O-O 10. Re1 Re8 11. Ne5 Nxe5 12. Rxe5 Nd7 13. Re1 e5 14. a3 a5 15. d3 f5 16. f4 exf4 17. gxf4 Nf6 18. Nd2 Rxe1+ 19. Qxe1 Qc7 20. Qh4 Bd7 21. Nf3 Qb6 22. Ne5 Qxb3 23. Qf2 Qb6 24. Bd5+ Nxd5 25. Nxd7 Qg6+ 26. Qg3 Qd6 27. Nxc5 Nxf4 28. Re1 Qh6 29. Bxd4 Rd8 30. Be3 Nh3+ 31. Kg2 f4 32. Qxh3 Qg6+ 33. Kh1 fxe3 34. Qxe3 1-0

[Event "VI Sunway Sitges Open 2019"]
[Site "Sitges"]
[Date "2019.12.15"]
[Round "3.38"]
[White "Milliet, Sophie"]
[Black "Moradiabadi, Elshan"]
[Result "0-1"]
[ECO "B30"]
[WhiteElo "2398"]
[BlackElo "2539"]
[Annotator "ChessBase"]
[PlyCount "114"]
[EventDate "2019.12.13"]
[EventType "swiss"]
[EventCountry "ESP"]
[SourceTitle "playchess.com"]
[Source "ChessBase"]
[SourceQuality "1"]
[TimeControl "40/5400+30:1800+30"]

1. e4 c5 2. Nf3 Nc6 3. Bb5 e6 4. O-O Nge7 5. Re1 Ng6 6. c3 a6 7. Bf1 Be7 8. d4 cxd4 9. cxd4 d5 10. Nc3 dxe4 11. Nxe4 O-O 12. a3 b5 13. b4 Rb8 14. Bb2 a5 15. Qc2 Bb7 16. Nc5 Ba8 17. d5 exd5 18. Rad1 axb4 19. axb4 Qd6 20. Qb3 Rfd8 21. Nd4 Nxd4 22. Rxd4 Qb6 23. h4 Bxh4 24. Ra1 Rbc8 25. Ra6 Qb8 26. Rxg6 Bxf2+ 27. Kxf2 hxg6 28. Qh3 Qe5 29. Bc3 Bc6 30. Bd3 f5 31. Qe3 Qxe3+ 32. Kxe3 Ra8 33. g4 Re8+ 34. Kf4 Ra3 35. Bd2 Ra2 36. Bf1 Ra1 37. Bg2 Rg1 38. Kf3 fxg4+ 39. Kf2 Rd1 40. Bxd5+ Bxd5 41. Rxd5 Rf8+ 42. Ke2 Rg1 43. Be3 Rg2+ 44. Kd3 Rb2 45. Rd4 g3 46. Rg4 g2 47. Rxg6 Rf3 48. Rg5 Rh3 49. Rg4 Kh7 50. Rg5 Rf2 51. Kd4 Re2 52. Bg1 Rh1 53. Kd3 Re1 54. Rxg2 Rexg1 55. Rb2 Rb1 56. Rg2 Rbg1 57. Rb2 Rg4 {[%emt 0:00:32] Kd4} 0-1

[Event "VI Sunway Sitges Open 2019"]
[Site "Sitges"]
[Date "2019.12.15"]
[Round "3.39"]
[White "Kulaots, Kaido"]
[Black "Alexiadis, Hristos"]
[Result "0-1"]
[ECO "B51"]
[WhiteElo "2538"]
[BlackElo "2346"]
[Annotator "ChessBase"]
[PlyCount "83"]
[EventDate "2019.12.13"]
[EventType "swiss"]
[EventCountry "ESP"]
[SourceTitle "playchess.com"]
[Source "ChessBase"]
[SourceQuality "1"]
[TimeControl "40/5400+30:1800+30"]

1. e4 c5 2. Nf3 d6 3. Bb5+ Nd7 4. O-O a6 5. Bd3 Ngf6 6. a4 e6 7. Re1 Be7 8. c3 O-O 9. Bc2 Qc7 10. d4 e5 11. Nbd2 cxd4 12. cxd4 exd4 13. Nxd4 Re8 14. Nf1 Bf8 15. Bg5 g6 16. Qd2 Bg7 17. Rad1 Nc5 18. Ng3 Ne6 19. Bxf6 Bxf6 20. Ndf5 Bxb2 21. Nxd6 Rd8 22. e5 Bc3 23. Qh6 Bxe5 24. Rxe5 Rxd6 25. Rde1 Rc6 26. Nh5 Qe7 27. Bb1 Rb6 28. Bc2 Rc6 29. Bb1 Rb6 30. Nf4 Qf8 31. Qxf8+ Kxf8 32. Nd5 Rd6 33. a5 Bd7 34. h4 Bc6 35. Nb6 Rad8 36. Ba2 Nf4 37. Re7 Rf6 38. Rc7 Rd2 39. Bc4 Nxg2 40. Ree7 Rdxf2 41. Nd5 Bxd5 42. Bxd5 0-1

[Event "VI Sunway Sitges Open 2019"]
[Site "Sitges"]
[Date "2019.12.15"]
[Round "3.40"]
[White "Harsha Bharathakoti"]
[Black "Sorensen, Hampus"]
[Result "1/2-1/2"]
[ECO "A22"]
[WhiteElo "2523"]
[BlackElo "2364"]
[Annotator "ChessBase"]
[PlyCount "69"]
[EventDate "2019.12.13"]
[EventType "swiss"]
[EventCountry "ESP"]
[SourceTitle "playchess.com"]
[Source "ChessBase"]
[SourceQuality "1"]
[TimeControl "40/5400+30:1800+30"]

1. c4 e5 2. g3 Nf6 3. Bg2 d5 4. cxd5 Nxd5 5. Nc3 Nb6 6. d3 Be7 7. Nh3 O-O 8. O-O N8d7 9. f4 c6 10. f5 Nf6 11. e4 h6 12. Nf2 Nbd7 13. Qf3 b6 14. h4 Ba6 15. Rd1 Ne8 16. Kh2 Rc8 17. Bf1 Rc7 18. Be3 Bc5 19. Bxc5 Nxc5 20. Ng4 Qe7 21. Nxe5 Qxe5 22. d4 Qe7 23. dxc5 Bxf1 24. cxb6 axb6 25. Rxf1 Nf6 26. Rad1 Rd7 27. Rxd7 Nxd7 28. Kg2 b5 29. a3 Rd8 30. Rd1 Ne5 31. Rxd8+ Qxd8 32. Qd1 Qb6 33. Qg1 Qd8 34. Qd1 Qb6 35. Qg1 1/2-1/2

[Event "VI Sunway Sitges Open 2019"]
[Site "Sitges"]
[Date "2019.12.15"]
[Round "3.41"]
[White "Sankalp Gupta"]
[Black "Narciso Dublan, Marc"]
[Result "1/2-1/2"]
[ECO "B12"]
[WhiteElo "2365"]
[BlackElo "2516"]
[Annotator "ChessBase"]
[PlyCount "71"]
[EventDate "2019.12.13"]
[EventType "swiss"]
[EventCountry "ESP"]
[SourceTitle "playchess.com"]
[Source "ChessBase"]
[SourceQuality "1"]
[TimeControl "40/5400+30:1800+30"]

1. e4 c6 2. d4 d5 3. e5 Bf5 4. h4 h5 5. Bd3 Bxd3 6. Qxd3 Qa5+ 7. Nd2 e6 8. Ngf3 Ne7 9. O-O Nf5 10. c4 Be7 11. g3 O-O 12. a3 Qd8 13. b3 a5 14. Rd1 Na6 15. cxd5 Qxd5 16. Nc4 Rad8 17. Nb6 Qb5 18. Qxb5 cxb5 19. Bb2 Nc7 20. Bc3 b4 21. axb4 Nb5 22. Bb2 Bxb4 23. Rac1 Ne7 24. Ng5 Nd5 25. Nxd5 Rxd5 26. Nh3 Rfd8 27. Nf4 R5d7 28. d5 exd5 29. e6 fxe6 30. Nxe6 Re8 31. Nxg7 Rxg7 32. Rxd5 Rc7 33. Rg5+ Kf8 34. Rf5+ Kg8 35. Rg5+ Kf8 36. Rf5+ 1/2-1/2

[Event "VI Sunway Sitges Open 2019"]
[Site "Sitges"]
[Date "2019.12.15"]
[Round "3.42"]
[White "Sadzikowski, Daniel"]
[Black "Garcia Martin, Marta"]
[Result "1/2-1/2"]
[ECO "D31"]
[WhiteElo "2504"]
[BlackElo "2306"]
[Annotator "ChessBase"]
[PlyCount "122"]
[EventDate "2019.12.13"]
[EventType "swiss"]
[EventCountry "ESP"]
[SourceTitle "playchess.com"]
[Source "ChessBase"]
[SourceQuality "1"]
[TimeControl "40/5400+30:1800+30"]

1. c4 e6 2. Nc3 d5 3. d4 a6 4. cxd5 exd5 5. Qb3 c5 6. Nxd5 Nc6 7. Bg5 f6 8. Be3 cxd4 9. Bd2 Bc5 10. Rc1 Ba7 11. Nh3 Nge7 12. Nhf4 Nxd5 13. Nxd5 Be6 14. Nc7+ Qxc7 15. Qxe6+ Qe7 16. Qxe7+ Kxe7 17. h4 Rac8 18. Rh3 Ne5 19. Rb3 Rxc1+ 20. Bxc1 Rb8 21. g3 b5 22. Bf4 a5 23. g4 a4 24. Rg3 Rc8 25. g5 Rc2 26. gxf6+ Kxf6 27. Bg5+ Kf7 28. Bg2 Rxb2 29. Bd5+ Kf8 30. Bc1 Rc2 31. Ba3+ Bc5 32. Kd1 d3 33. exd3 Rc3 34. d4 Rxa3 35. dxc5 Rd3+ 36. Rxd3 Nxd3 37. Bc6 b4 38. Kd2 Nxc5 39. Bd5 Ke7 40. Bg8 h6 41. Ke3 b3 42. a3 Kf6 43. Kd4 Ne6+ 44. Kc3 h5 45. f4 g6 46. Kd2 Ke7 47. Kc3 Kf6 48. Kd2 Ke7 49. Kc3 Nxf4 50. Bc4 Ng2 51. Bb5 Nxh4 52. Bxa4 Nf5 53. Bxb3 h4 54. Kd3 Kd6 55. Bd1 h3 56. Bf3 g5 57. Ke4 Ng3+ 58. Ke3 h2 59. Kf2 h1=Q 60. Bxh1 Nxh1+ 61. Kg2 Kc5 1/2-1/2

[Event "VI Sunway Sitges Open 2019"]
[Site "Sitges"]
[Date "2019.12.15"]
[Round "3.43"]
[White "Ortega Serra, Marc"]
[Black "Lobanov, Sergei"]
[Result "0-1"]
[ECO "E29"]
[WhiteElo "2345"]
[BlackElo "2504"]
[Annotator "ChessBase"]
[PlyCount "148"]
[EventDate "2019.12.13"]
[EventType "swiss"]
[EventCountry "ESP"]
[SourceTitle "playchess.com"]
[Source "ChessBase"]
[SourceQuality "1"]
[TimeControl "40/5400+30:1800+30"]

1. d4 Nf6 2. c4 e6 3. Nc3 Bb4 4. e3 O-O 5. a3 Bxc3+ 6. bxc3 c5 7. Bd3 Nc6 8. Ne2 b6 9. e4 d6 10. f4 Ba6 11. O-O Na5 12. f5 exf5 13. Rxf5 Ne8 14. Ng3 Bxc4 15. Bxc4 Nxc4 16. Bg5 Qc7 17. Qe2 cxd4 18. cxd4 f6 19. Raf1 Rc8 20. Kh1 b5 21. Qg4 Qd7 22. Nh5 Kh8 23. Qh4 Rf7 24. R5f3 Rc7 25. Bc1 Qc8 26. Qe1 Rfe7 27. Nf4 Nb6 28. Bd2 Rc2 29. Bb4 Rec7 30. e5 Rc1 31. Qe2 Rxf1+ 32. Rxf1 dxe5 33. dxe5 Rc1 34. Be1 Qc4 35. Nd3 Rc2 36. Qf3 Qd5 37. Qh3 Qd7 38. e6 Qd5 39. Bb4 Qe4 40. Re1 Re2 41. e7 Nd5 42. Rxe2 Qxe2 43. Qf3 Qxf3 44. gxf3 Kg8 45. Bc5 a5 46. Nb2 Kf7 47. a4 bxa4 48. Nxa4 Nxe7 49. Nb6 Ke6 50. Kg1 Nc6 51. Kf2 Nc7 52. h4 h5 53. Kg3 Ne5 54. f4 Nc6 55. Kf3 Nd5 56. Na4 Nde7 57. Bf2 Nf5 58. Ke4 Nd6+ 59. Kf3 Nd8 60. Nb6 N8b7 61. Be1 Nf5 62. Ke4 Nc5+ 63. Kf3 Nd4+ 64. Kg2 a4 65. Bb4 Nd3 66. Bc3 Nxf4+ 67. Kf2 Nf5 68. Nxa4 Nxh4 69. Nc5+ Kf5 70. Nd7 Nhg6 71. Bd2 Ne5 72. Nf8 g5 73. Bc3 Ne6 74. Nh7 Kg6 0-1

[Event "VI Sunway Sitges Open 2019"]
[Site "Sitges"]
[Date "2019.12.15"]
[Round "3.44"]
[White "Krastev, Alexander"]
[Black "Iniyan, P."]
[Result "1/2-1/2"]
[ECO "B28"]
[WhiteElo "2323"]
[BlackElo "2497"]
[Annotator "ChessBase"]
[PlyCount "60"]
[EventDate "2019.12.13"]
[EventType "swiss"]
[EventCountry "ESP"]
[SourceTitle "playchess.com"]
[Source "ChessBase"]
[SourceQuality "1"]
[TimeControl "40/5400+30:1800+30"]

1. e4 c5 2. Nf3 a6 3. c3 d6 4. d4 Nd7 5. Bd3 g6 6. O-O Bg7 7. Re1 Qc7 8. Nbd2 e5 9. dxe5 dxe5 10. a4 b6 11. Nc4 Ngf6 12. Bc2 O-O 13. Qd6 Qxd6 14. Nxd6 Ne8 15. Rd1 Nxd6 16. Rxd6 Ra7 17. Bg5 Rc7 18. Rad1 Re8 19. c4 Bf8 20. R6d5 f6 21. Bh4 a5 22. Nd2 g5 23. Bg3 Nb8 24. Nf1 Nc6 25. R5d2 Nd4 26. Ne3 Kf7 27. Nd5 Rb7 28. Re1 Be7 29. Bd1 Kg6 30. h4 Bd8 1/2-1/2

[Event "VI Sunway Sitges Open 2019"]
[Site "Sitges"]
[Date "2019.12.15"]
[Round "3.45"]
[White "Gordon, Stephen J"]
[Black "Samant Aditya S"]
[Result "1-0"]
[ECO "E14"]
[WhiteElo "2495"]
[BlackElo "2309"]
[Annotator "ChessBase"]
[PlyCount "71"]
[EventDate "2019.12.13"]
[EventType "swiss"]
[EventCountry "ESP"]
[SourceTitle "playchess.com"]
[Source "ChessBase"]
[SourceQuality "1"]
[TimeControl "40/5400+30:1800+30"]

1. d4 Nf6 2. c4 e6 3. Nf3 Bb4+ 4. Nbd2 b6 5. a3 Bxd2+ 6. Qxd2 Bb7 7. e3 O-O 8. Be2 a5 9. b3 d6 10. O-O Nbd7 11. Bb2 Qe7 12. Rad1 Ne4 13. Qc2 f5 14. d5 e5 15. Nd2 Nxd2 16. Rxd2 Qg5 17. f4 Qh6 18. Bd3 g6 19. b4 axb4 20. axb4 Rae8 21. Rdd1 Nf6 22. h3 Qh4 23. Ra1 Qg3 24. Rf3 Qh4 25. Bf1 c6 26. Ra7 Rf7 27. c5 Nxd5 28. cxd6 e4 29. Rf2 Nxe3 30. Qb3 Nd5 31. b5 e3 32. Re2 Nxf4 33. Rxb7 Nxe2+ 34. Bxe2 Qe1+ 35. Kh2 Ref8 36. Rxf7 1-0

[Event "VI Sunway Sitges Open 2019"]
[Site "Sitges"]
[Date "2019.12.15"]
[Round "3.46"]
[White "Krishnater Kushager"]
[Black "Zanan, Evgeny"]
[Result "1/2-1/2"]
[ECO "E90"]
[WhiteElo "2308"]
[BlackElo "2493"]
[Annotator "ChessBase"]
[PlyCount "100"]
[EventDate "2019.12.13"]
[EventType "swiss"]
[EventCountry "ESP"]
[SourceTitle "playchess.com"]
[Source "ChessBase"]
[SourceQuality "1"]
[TimeControl "40/5400+30:1800+30"]

1. d4 Nf6 2. c4 g6 3. Nc3 Bg7 4. e4 d6 5. Nf3 O-O 6. h3 e5 7. d5 a5 8. Be3 Na6 9. g4 Nd7 10. a3 Nb6 11. Rg1 Bd7 12. h4 Nc5 13. b3 a4 14. b4 Nb3 15. Ra2 c5 16. dxc6 Bxc6 17. b5 Be8 18. Nxa4 Nxa4 19. Qxb3 Nc5 20. Qc2 Bd7 21. Be2 Qc8 22. Nd2 Kh8 23. Nb3 Na4 24. Qd3 Be6 25. h5 Qc7 26. Rh1 Rfc8 27. Rc2 Nb6 28. Nd2 Nd7 29. hxg6 fxg6 30. Bh6 Nc5 31. Qe3 Bxh6 32. Rxh6 Qg7 33. Rh2 Bg8 34. Rc3 Ne6 35. Qh6 Qxh6 36. Rxh6 Nd4 37. Rhh3 Rc7 38. g5 Be6 39. Rhg3 Rac8 40. a4 b6 41. Rc1 Kg7 42. Bd1 h6 43. gxh6+ Kxh6 44. Rgc3 Kg5 45. Nf3+ Kf6 46. Kd2 Bg4 47. Ne1 Bxd1 48. Kxd1 Ra7 49. Ra3 Rac7 50. Rac3 Ra7 1/2-1/2

[Event "VI Sunway Sitges Open 2019"]
[Site "Sitges"]
[Date "2019.12.15"]
[Round "3.47"]
[White "Papadiamandis, Elliot"]
[Black "Gines Esteo, Pedro Antonio"]
[Result "1/2-1/2"]
[ECO "B19"]
[WhiteElo "2284"]
[BlackElo "2483"]
[Annotator "ChessBase"]
[PlyCount "61"]
[EventDate "2019.12.13"]
[EventType "swiss"]
[EventCountry "ESP"]
[SourceTitle "playchess.com"]
[Source "ChessBase"]
[SourceQuality "1"]
[TimeControl "40/5400+30:1800+30"]

1. e4 c6 2. d4 d5 3. Nc3 dxe4 4. Nxe4 Bf5 5. Ng3 Bg6 6. h4 h6 7. Nf3 Nd7 8. h5 Bh7 9. Bd3 Bxd3 10. Qxd3 e6 11. Bd2 Ngf6 12. O-O-O a5 13. Rhe1 Be7 14. Kb1 O-O 15. Bc1 a4 16. a3 Qb6 17. Nf5 exf5 18. Rxe7 Qd8 19. Re2 Ne4 20. g4 fxg4 21. Rxe4 gxf3 22. Rg1 f5 23. Re6 Rf6 24. Rxf6 Nxf6 25. Qxf5 Ra5 26. Qg6 Nxh5 27. Bxh6 Qf8 28. Re1 Nf6 29. Rg1 Nh5 30. Re1 Nf6 31. Rg1 1/2-1/2

[Event "VI Sunway Sitges Open 2019"]
[Site "Sitges"]
[Date "2019.12.15"]
[Round "3.49"]
[White "Backiel, Hubert"]
[Black "Meers, Hubert"]
[Result "0-1"]
[ECO "B50"]
[WhiteElo "1860"]
[BlackElo "2161"]
[Annotator "NA"]
[PlyCount "93"]
[EventDate "2019.12.13"]
[EventType "swiss"]
[EventCountry "ESP"]
[SourceTitle "playchess.com"]
[Source "ChessBase"]
[SourceQuality "1"]
[TimeControl "40/5400+30:1800+30"]

1. e4 c5 2. Nf3 d6 3. Nc3 Nf6 4. g3 a6 5. Bg2 e5 6. O-O Be7 7. d3 b5 8. a4 b4 9. Nb1 O-O 10. Nbd2 Nc6 11. b3 Ne8 12. Nc4 g6 13. Bb2 Ng7 14. Nfd2 Ne6 15. Re1 a5 16. Nf1 Ned4 17. Nfe3 Be6 18. Rf1 Rc8 19. Nd5 h5 20. f4 Bg4 21. Qd2 h4 22. Rae1 h3 23. Bh1 exf4 24. Nxf4 Ne5 25. Bxd4 cxd4 26. Qf2 Bf6 27. Nh5 Bh8 28. Nf6+ Bxf6 29. Qxf6 Qxf6 30. Rxf6 Rfd8 31. Ref1 Rc7 32. Kf2 Kg7 33. Ke1 Be6 34. R6f2 Ng4 35. Rd2 Rc5 36. Bf3 Ne5 37. Kd1 Nxf3 38. Rxf3 Bg4 39. Rdf2 Rd7 40. Kd2 Bxf3 41. Rxf3 d5 42. exd5 Rdxd5 43. g4 Rg5 44. Rf4 f5 45. Rxd4 Rxg4 46. Rd7+ Kf6 47. Ne3 0-1

[Event "VI Sunway Sitges Open 2019"]
[Site "Sitges"]
[Date "2019.12.15"]
[Round "3.50"]
[White "Dias, Savin"]
[Black "Han, Yichen"]
[Result "0-1"]
[ECO "C55"]
[WhiteElo "1921"]
[BlackElo "2257"]
[Annotator "NA"]
[PlyCount "41"]
[EventDate "2019.12.13"]
[EventType "swiss"]
[EventCountry "ESP"]
[SourceTitle "playchess.com"]
[Source "ChessBase"]
[SourceQuality "1"]
[TimeControl "40/5400+30:1800+30"]

1. e4 e5 2. Nf3 Nc6 3. Bc4 Nf6 4. d3 Be7 5. O-O O-O 6. Re1 d6 7. h3 Na5 8. Nc3 Nxc4 9. dxc4 b6 10. a4 a5 11. Qd3 c6 12. b3 Nd7 13. Ba3 Nc5 14. Bxc5 bxc5 15. Rad1 Qe8 16. g4 g6 17. Kh1 Kh8 18. Nh2 f5 19. f3 Be6 20. exf5 gxf5 21. f4 0-1

[Event "VI Sunway Sitges Open 2019"]
[Site "Sitges"]
[Date "2019.12.15"]
[Round "3.51"]
[White "Medar, Marti"]
[Black "Perez Puyal, Jose Joaquin"]
[Result "1-0"]
[ECO "A45"]
[WhiteElo "1995"]
[BlackElo "1824"]
[Annotator "NA"]
[PlyCount "63"]
[EventDate "2019.12.13"]
[EventType "swiss"]
[EventCountry "ESP"]
[SourceTitle "playchess.com"]
[Source "ChessBase"]
[SourceQuality "1"]
[TimeControl "40/5400+30:1800+30"]

1. d4 Nf6 2. Bf4 g6 3. Nc3 d5 4. Qd2 Bf5 5. f3 Bg7 6. g4 Be6 7. h4 Nc6 8. h5 Qd7 9. h6 Bf8 10. e3 a6 11. Nh3 O-O-O 12. Na4 Qe8 13. Ng5 Bd7 14. O-O-O e6 15. Qh2 Nb4 16. Nc3 Bd6 17. Bxd6 cxd6 18. Qxd6 Nc6 19. Na4 b5 20. Nc5 Qf8 21. Qxf8 Rhxf8 22. Nxa6 Na5 23. b3 Kb7 24. Nc5+ Kb6 25. Kb2 Nb7 26. Nd3 Nd6 27. Ne5 Bc6 28. a3 Ra8 29. Bg2 Ra7 30. Nxc6 Kxc6 31. e4 dxe4 32. fxe4 1-0

[Event "VI Sunway Sitges Open 2019"]
[Site "Sitges"]
[Date "2019.12.15"]
[Round "3.52"]
[White "Peredo Claros, Luis Gabriel"]
[Black "Dias, Ruwan"]
[Result "1/2-1/2"]
[ECO "C01"]
[WhiteElo "1778"]
[BlackElo "1305"]
[Annotator "NA"]
[PlyCount "77"]
[EventDate "2019.12.13"]
[EventType "swiss"]
[EventCountry "ESP"]
[SourceTitle "playchess.com"]
[Source "ChessBase"]
[SourceQuality "1"]
[TimeControl "40/5400+30:1800+30"]

1. e4 e6 2. d4 d5 3. exd5 exd5 4. c3 Bd6 5. Bd3 Nf6 6. Bg5 O-O 7. Ne2 Be6 8. h3 c5 9. O-O c4 10. Bc2 Be7 11. Ng3 h6 12. Bxf6 Bxf6 13. f4 Qc7 14. Nh5 Qe7 15. f5 Bd7 16. Re1 Qd8 17. Qf3 Bc6 18. Qg4 Nd7 19. Nd2 b5 20. Nf3 Qc7 21. Re3 Kh8 22. Rae1 Rg8 23. Ne5 Nxe5 24. dxe5 Bg5 25. R3e2 Rae8 26. h4 Be7 27. f6 Bc5+ 28. Kh1 g6 29. Ng7 Rxg7 30. fxg7+ Kxg7 31. h5 Bd7 32. e6 Bxe6 33. Rxe6 Rxe6 34. Rxe6 fxe6 35. Qxg6+ Kf8 36. Qxe6 Qg3 37. Qc8+ Kg7 38. Qxc5 Qh4+ 39. Kg1 1/2-1/2

[Event "VI Sunway Sitges Open 2019"]
[Site "Sitges"]
[Date "2019.12.15"]
[Round "3.53"]
[White "Bonnaffe, Xavier"]
[Black "Minko, Uliana"]
[Result "1/2-1/2"]
[ECO "C01"]
[WhiteElo "1556"]
[BlackElo "1311"]
[Annotator "NA"]
[PlyCount "65"]
[EventDate "2019.12.13"]
[EventType "swiss"]
[EventCountry "ESP"]
[SourceTitle "playchess.com"]
[Source "ChessBase"]
[SourceQuality "1"]
[TimeControl "40/5400+30:1800+30"]

1. e4 e6 2. d4 d5 3. exd5 exd5 4. Nf3 Nf6 5. Bd3 Be7 6. O-O O-O 7. Bg5 Ne4 8. Bxe7 Qxe7 9. Re1 Re8 10. Nbd2 f5 11. c4 c6 12. Ne5 Be6 13. f3 Nxd2 14. Qxd2 Qf8 15. Qc2 Nd7 16. c5 Nxe5 17. Rxe5 Bd7 18. Rae1 Rxe5 19. Rxe5 g6 20. Qe2 b5 21. Re7 Re8 22. Rxe8 Bxe8 23. f4 Bd7 24. g3 Qf6 25. Qe5 Qd8 26. b4 a6 27. Kf2 Kf7 28. Qe3 a5 29. a3 axb4 30. axb4 Qa8 31. Qd2 Qa1 32. Bf1 h5 33. h4 1/2-1/2

[Event "VI Sunway Sitges Open 2019"]
[Site "Sitges"]
[Date "2019.12.15"]
[Round "3.54"]
[White "Naga Laxmi Seelam"]
[Black "Ananya Parikh"]
[Result "1/2-1/2"]
[ECO "B56"]
[WhiteElo "1196"]
[BlackElo "1498"]
[Annotator "NA"]
[PlyCount "99"]
[EventDate "2019.12.13"]
[EventType "swiss"]
[EventCountry "ESP"]
[SourceTitle "playchess.com"]
[Source "ChessBase"]
[SourceQuality "1"]
[TimeControl "40/5400+30:1800+30"]

1. e4 c5 2. Nf3 d6 3. d4 cxd4 4. Nxd4 Nf6 5. Nc3 Nc6 6. Be3 Ng4 7. Qd2 Nxe3 8. Qxe3 e6 9. Bb5 Bd7 10. O-O a6 11. Bd3 Qb6 12. Nxc6 Qxe3 13. fxe3 Bxc6 14. Rf2 Be7 15. Raf1 O-O 16. Ne2 Bh4 17. g3 Bg5 18. Nf4 e5 19. Ng2 b5 20. c4 Ra7 21. cxb5 Bxb5 22. Bxb5 axb5 23. b3 Rfa8 24. Rc1 h6 25. Rcc2 Rd7 26. h4 Bd8 27. Rfd2 Kf8 28. Rd5 Rb8 29. Ne1 Ke7 30. Nf3 Rbb7 31. Kf2 b4 32. Ke2 Rdc7 33. Rcd2 Rd7 34. Rc2 f6 35. Rcd2 Rb6 36. g4 Rc7 37. g5 Rc1 38. gxf6+ gxf6 39. Rd1 Rxd1 40. Kxd1 Ra6 41. Rb5 Rxa2 42. Rxb4 Rf2 43. Ne1 Rh2 44. Nf3 Rf2 45. Ne1 Rf1 46. Rb7+ Ke6 47. Ke2 Rh1 48. Nf3 f5 49. exf5+ Kxf5 50. Rd7 1/2-1/2

[Event "VI Sunway Sitges Open 2019"]
[Site "Sitges"]
[Date "2019.12.16"]
[Round "4.8"]
[White "Batsiashvili, Nino"]
[Black "Praggnanandhaa R"]
[Result "0-1"]
[ECO "E71"]
[WhiteElo "2447"]
[BlackElo "2586"]
[Annotator "ChessBase"]
[PlyCount "82"]
[EventDate "2019.12.13"]
[EventType "swiss"]
[EventCountry "ESP"]
[SourceTitle "playchess.com"]
[Source "ChessBase"]
[SourceQuality "1"]
[TimeControl "40/5400+30:1800+30"]

1. c4 Nf6 2. Nc3 g6 3. e4 d6 4. d4 Bg7 5. h3 e5 6. d5 a5 7. Be3 Na6 8. g4 Nd7 9. Nge2 Bf6 10. Qd2 h6 11. O-O-O Bg5 12. f4 exf4 13. Nxf4 Ne5 14. Be2 Qe7 15. Nb5 b6 16. Rh2 Bd7 17. Rdh1 Bh4 18. Nd4 Nc5 19. Qc2 O-O-O 20. Kb1 Rde8 21. b3 h5 22. gxh5 g5 23. Ng2 Bg3 24. Ne1 Bxh2 25. Rxh2 g4 26. hxg4 Nxg4 27. Bxg4 Bxg4 28. h6 Nxe4 29. Ng2 Qf6 30. Qd3 Nc5 31. Qd2 Bf5+ 32. Nxf5 Qxf5+ 33. Qc2 Qf1+ 34. Kb2 Nd3+ 35. Ka3 a4 36. Bd4 axb3 37. axb3 Kb7 38. b4 Ra8+ 39. Kb3 Nc1+ 40. Kc3 Ra3+ 41. Kd2 Rd3+ 0-1

[Event "VI Sunway Sitges Open 2019"]
[Site "Sitges"]
[Date "2019.12.16"]
[Round "4.14"]
[White "Gareyev, Timur"]
[Black "Firat, Burak"]
[Result "1-0"]
[ECO "A14"]
[WhiteElo "2598"]
[BlackElo "2475"]
[Annotator "ChessBase"]
[PlyCount "83"]
[EventDate "2019.12.13"]
[EventType "swiss"]
[EventCountry "ESP"]
[SourceTitle "playchess.com"]
[Source "ChessBase"]
[SourceQuality "1"]
[TimeControl "40/5400+30:1800+30"]

1. c4 e6 2. Nf3 Nf6 3. g3 d5 4. Bg2 Be7 5. b3 c5 6. O-O Nc6 7. cxd5 Nxd5 8. Bb2 Bf6 9. Bxf6 Qxf6 10. Nc3 O-O 11. Ne4 Qe7 12. d4 cxd4 13. Nxd4 Bd7 14. Qd2 Rfd8 15. Rfd1 Nxd4 16. Qxd4 Bb5 17. Bf3 Bc6 18. Rac1 h6 19. Qc5 Qxc5 20. Nxc5 Rac8 21. Nd3 Ne7 22. Kg2 f6 23. Bxc6 Rxc6 24. Rxc6 Nxc6 25. Rc1 Nd4 26. Rc7 Nxe2 27. Nc5 Nd4 28. Nxb7 Rd5 29. b4 g5 30. Nc5 f5 31. Rxa7 Nc6 32. Ra8+ Kf7 33. a3 g4 34. h3 h5 35. Rh8 gxh3+ 36. Kxh3 Ne5 37. Rh7+ Kg6 38. Re7 Ng4 39. Rxe6+ Kf7 40. Re2 Rd1 41. Kg2 Ra1 42. a4 1-0